 Dungeon Crawl Stone Soup version 0.32-a0-791-gfc315c9ecd (webtiles) character file.

Game seed: 17442024073340657412

541 Goblin1989 the Ruffian (level 7, -1/48 HPs)
             Began as a Demonspawn Shapeshifter on Mar 20, 2024.
             Succumbed to a gnoll sergeant's poison
             ... on level 5 of the Dungeon.
             The game lasted 00:05:55 (2960 turns).

Goblin1989 the Ruffian (Demonspawn Shapeshifter)    Turns: 2960, Time: 00:05:56

Health: -1/48      AC: 13    Str: 17    XL:     7   Next: 5%
Magic:  9/16       EV:  9    Int: 10    God:
Gold:   309        SH:  0    Dex: 12    Spells: 6/6 levels left

rFire   . .          .
                       - Unarmed
rCold   . . .        (no shield)
rNeg    . . .        i - +1 scale mail
rPois   .            (helmet currently unavailable)
rElec   .            (cloak currently unavailable)
rCorr   .            (gloves currently unavailable)
SInv    .            (boots currently unavailable)
Will    +....        (no amulet) Stlth
                     s - ring of magical power
HPRegen 0.28/turn    (no ring)
MPRegen 0.30/turn

%: guardian spirit
@: lethally poisoned (-1 -> -21), beast-form, sanguine armoured, enlightened,
flying, hasted, very quick
A: beast (slay +2), magic shield, magic regeneration, sanguine armour 1, demonic
magic 2, passive freeze, screaming 1
a: Begin Untransformation


You were on level 5 of the Dungeon.
You were a hulking beast.
You visited 1 branch of the dungeon, and saw 5 of its levels.

You collected 309 gold pieces.

Inventory:

Missiles
 h - 47 stones (quivered)
Armour
 a - a +0 animal skin
 i - a +1 scale mail (worn)
Jewellery
 s - a ring of magical power (left hand)
Talismans
 c - a beast talisman (active)
 d - a flux talisman
Scrolls
 l - 2 scrolls of identify {@r1}
 m - a scroll of immolation
 p - a scroll of fear
Potions
 b - a potion of lignification
 g - a potion of resistance {@q5}


   Skills:
 - Level 1.0 Fighting
 - Level 4.0 Dodging
 + Level 4.8 Unarmed Combat
 + Level 4.6 Shapeshifting


You had 6 spell levels left.
You didn't know any spells.
Your spell library contained the following spells:

 Spells                   Type           Power      Damage    Failure   Level
 Tukima's Dance           Hex            0%         N/A       99%         3
 Dimensional Bullseye     Hex/Tloc       0%         N/A       100%        4
 Iskenderun's Mystic Bla  Conj/Tloc      0%         2d3       100%        4


Dungeon Overview and Level Annotations

Branches:
Dungeon (5/15) Zot: 26262
 Temple: D:4-7

Altars:


Innate Abilities, Weirdness & Mutations

You are a hulking beast.
Your limbs bulge with bestial killing power. (Slay +2)
When hurt, damage is shared between your health and your magic reserves.
You regenerate magic rapidly.
When seriously injured, your blood forms armour. (AC +6)
Spells you cast may paralyse nearby enemies.
A frigid envelope surrounds you and freezes all who hurt you.
You occasionally shout uncontrollably at your foes.


Message History

The ogre is almost dead.
You take 14 damage, and have 9/43 hp.
MASSIVE DAMAGE!!
You now have 3/15 mp.
You hit the ogre.
The ogre is almost dead.
You punch the ogre!
You kill the ogre!
Training target 4.0 for Dodging reached!
Your Dodging skill increases to level 4!
You start resting.
Magic restored.
Your blood armour dries and flakes away.
You regained 19 hp, and now have 29/43 hp.
MP restored: 15 You start resting.
HP restored.
Health restored: 43 You see here a +0 giant club.
You open the door.
A gnoll sergeant and 5 gnolls come into view.
The gnoll sergeant is wielding a +1 spear of venom.
The gnoll sergeant shouts!
The gnoll shouts! x4
The gnoll hits you but does no damage.
Found 20 gold pieces, a pair of gloves, a helmet, a war axe, a robe and a club.
There are monsters nearby!
The gnoll hits you but does no damage.
The gnoll is very cold.
The gnoll is lightly wounded.
You hit the gnoll.
The gnoll is moderately wounded.
The gnoll barely misses you.
You punch the gnoll!
You kill the gnoll!
The gnoll hits you but does no damage. The gnoll hits you with a +0 spear.
The gnoll is very cold.
The gnoll is moderately wounded.
You see here a +0 flail.
You take 2 damage, and have 41/43 hp.
You hit the gnoll.
The gnoll is heavily wounded.
The gnoll hits you with a +0 spear.
The gnoll is very cold.
You kill the gnoll!
The gnoll sergeant hits you but does no damage.
You are poisoned.
You have reached level 7!
Your demonic ancestry asserts itself...
Your magic grows more menacing.
You regained 4 hp, and now have 45/48 hp.
MP restored: 16 You closely miss the gnoll.
You feel sick. The gnoll hits you but does no damage.
The gnoll is very cold.
The gnoll is moderately wounded.
The gnoll sergeant hits you but does no damage.
You are more poisoned.
You take 2 damage, and have 43/48 hp.
You punch the gnoll!
You kill the gnoll!
You feel very sick.
The gnoll sergeant hits you from afar with a +1 spear of venom!
Your blood congeals into armour.
You are lethally poisoned!
You take 11 damage, and have 32/48 hp.
MASSIVE DAMAGE!!
You now have 14/16 mp.
You feel extremely sick. The gnoll hits you but does no damage.
Things that are here:
a +0 club; a +0 spear You take 8 damage, and have 24/48 hp.
You hit the gnoll but do no damage.
* * * LOW HITPOINT WARNING * * *
You feel very sick. The gnoll closely misses you.
The gnoll sergeant hits you with a +1 spear of venom.
* * * LOW HITPOINT WARNING * * *
The gnoll sergeant is very cold.
The gnoll sergeant is lightly wounded.
The gnoll hits you but does no damage.
The gnoll is very cold.
The gnoll is severely wounded.
You take 8 damage, and have 16/48 hp.
You now have 12/16 mp.
You hit the gnoll sergeant.
The gnoll sergeant is lightly wounded.
* * * LOW HITPOINT WARNING * * *
You feel very sick.
The gnoll hits you from afar with a +0 spear.
* * * LOW HITPOINT WARNING * * *
The gnoll sergeant hits you but does no damage.
You are more poisoned.
The gnoll sergeant is very cold.
The gnoll sergeant is heavily wounded.
The gnoll hits you with a +0 flail.
* * * LOW HITPOINT WARNING * * *
The gnoll is very cold.
You kill the gnoll!
You take 6 damage, and have 10/48 hp.
You now have 8/16 mp.
It was a potion of enlightenment.
You feel very buoyant.
You fly up into the air.
* * * LOW HITPOINT WARNING * * *
You feel very sick. The gnoll barely misses you.
The gnoll sergeant closely misses you.
You take 6 damage, and have 4/48 hp.
It was a potion of haste.
You feel yourself speed up.
You die...

..............███.█....█
████..........██..█...██
.███..........█..██...█
.....█..███████.██...██
..██....█ ███..█..█.█
..██....████...██.██.█
█.█.....██........██.█
█.......██..████████)██
............█ █gh)....█
..........█████)███████
..........████g.█
>.....██████....█
.....█....██....█
.....█....█.....█
.<........█....██
......█...█....█
>.........█..███


You could see a gnoll sergeant and a gnoll.

Vanquished Creatures
  An ogre (D:5)
  2 phantoms (D:5)
  A gnoll sergeant (D:5)
  2 hounds
  An orc wizard (D:4)
  8 gnolls (D:5)
  4 adders
  2 dart slugs (D:1)
  A ribbon worm (D:2)
  2 orcs (D:4)
  3 ball pythons
  2 endoplasms
  2 giant cockroaches
  4 goblins
  3 hobgoblins
  2 quokkas
  6 bats
  3 frilled lizards (D:1)
  8 kobolds
  3 rats
60 creatures vanquished.

Notes
Turn   | Place    | Note
-------+----------+-------------------------------------------
     0 | D:1      | Goblin1989 the Demonspawn Shapeshifter began the quest for
                  | the Orb.
     0 | D:1      | Reached XP level 1. HP: 15/15 MP: 1/1
   328 | D:1      | Gained mutation: You regenerate magic rapidly. [demonic
                  | ancestry]
   328 | D:1      | Reached XP level 2. HP: 15/21 MP: 2/2
  1132 | D:2      | Gained mutation: When hurt, damage is shared between your
                  | health and your magic reserves. [demonic ancestry]
  1132 | D:2      | Reached XP level 3. HP: 25/26 MP: 3/3
  2117 | D:4      | Gained mutation: When seriously injured, your blood forms
                  | armour. (AC +6) [demonic ancestry]
  2117 | D:4      | Reached XP level 4. HP: 24/32 MP: 2/4
  2204 | D:4      | Noticed a black bear
  2210 | D:4      | Noticed a phantom
  2216 | D:5      | Entered Level 5 of the Dungeon
  2359 | D:5      | Noticed a phantom
  2375 | D:5      | Killed a phantom
  2376 | D:5      | Gained mutation: Spells you cast may paralyse adjacent
                  | enemies. [demonic ancestry]
  2376 | D:5      | Reached XP level 5. HP: 32/37 MP: 5/5
  2505 | D:5      | Gained mutation: A frigid envelope surrounds you and
                  | freezes all who hurt you. [potion of mutation]
  2505 | D:5      | Gained mutation: You occasionally shout uncontrollably at
                  | your foes. [potion of mutation]
  2511 | D:5      | Reached XP level 6. HP: 5/43 MP: 3/6
  2954 | D:5      | Gained mutation: Spells you cast may paralyse nearby
                  | enemies. [demonic ancestry]
  2954 | D:5      | Reached XP level 7. HP: 45/48 MP: 7/7
  2960 | D:5      | Succumbed to a gnoll sergeant's poison

Illustrated notes

Levels and vault maps discovered:
D:1:      minmay_arrival_radiant_lines, layout_basic
D:2:      layout_basic
D:3:      layout_basic, grunt_decor_one_mirror
D:4:      layout_cave_pools, minmay_temple_entry_hall,
          cheibrodos_sewer_entry_bend
D:5:      minmay_opposing_rooms, layout_rooms, general_overflow_altar

Skill      XL: |  1  2  3  4  5  6 |
---------------+-------------------+-----
Unarmed Combat | 3 4 |  4.8
Shapeshifting  | 3 4 |  4.6
Dodging        | 2 3 4 |  4.0
Fighting       | |  1.0

Action                     |  1- 3 |  4- 6 |  7- 9 || total
---------------------------+-------+-------+-------++-------
  Melee: Unarmed           |   137 |    97 |     4 ||   238
         Punch             |     4 |     2 |       ||     6
    Use: Scroll            |     2 |     6 |       ||     8
         Potion            |       |     4 |     2 ||     6
   Stab: Invisible         |       |     1 |       ||     1
 Armour: Animal skin       |    23 |       |       ||    23
         Scale mail        |    76 |    92 |     9 ||   177
  Dodge: Dodged            |    75 |    40 |     3 ||   118

Table legend: (Time is in decaauts)
 A = Elapsed time spent in this place.
 B = Non-inter-level travel time spent in this place.
 C = Inter-level travel time spent in this place.
 D = Time resting spent in this place.
 E = Time spent auto-exploring this place.
 F = Levels seen in this place.
 G = Mean time per level.
                   A        B        C        D        E       F      G
               +--------+--------+--------+--------+--------+-----+--------+
         Total |   2944 |   2829 |    115 |    263 |   2028 |   5 |  588.8 |
       Dungeon |   2944 |   2829 |    115 |    263 |   2028 |   5 |  588.8 |
               +--------+--------+--------+--------+--------+-----+--------+

Top non-repeatable levels by time:
     D:5: 737 daAuts
     D:1: 732 daAuts
     D:3: 714 daAuts
     D:2: 627 daAuts
     D:4: 131 daAuts
